AoeStats
← KK

African Clearing

506663145Analyzed
4v4 RM · 19d ago on Sep 14, 2026· 39m 19s· 8 players
Game mode
Random Map
Map size
Large (8 player)
Population
200
Speed
Normal
Resources
Standard
Victory
Conquest
Starting age
Dark Age
Ending age
Imperial Age
RankedLock teamsTeams togetherTeam positionsShared explorationLock speedFull tech treeHidden civsTurbo modeCheats
Victory
Defeat
🇸🇪 Vikings · Sweden
1793
+7
🇳🇱 Saracens · Netherlands
1748
+8
🇩🇪 Lithuanians · Germany
1721
+9
🇩🇪 Mongols · Germany
1713
+9
🇺🇸 Inca · United States
1601
-10
🇺🇸 Jurchens · United States
1595
-9
🇨🇳 Byzantines · China
1523
-7
🇨🇳 Burmese · China
1505
-7
MooSpecial
10:56 Loom
12:43 Feudal Age
11:35 Loom
17:21 Castle Age
15:41 Double-Bit Axe
15:37 Horse Collar
18:37 Bow Saw
18:54 Heavy Plow
25:24 Gold Mining
25:58 Scale Barding Armor
26:58 Wheelbarrow
27:33 Husbandry
27:38 Fletching
27:12 Elite Skirmisher
28:29 Bodkin Arrow
28:36 Padded Archer Armor
30:15 Leather Archer Armor
30:22 Hand Cart
31:52 Ballistics
36:03 Imperial Age
33:35 Stone Mining
34:20 Gold Shaft Mining
34:21 Leather Archer Armor
33:59 Treadmill Crane
35:11 Town Watch
36:02 Chain Barding Armor
36:10 Forging
36:50 Bracer
37:51 Chemistry
37:52 Two-Man Saw
37:23 Crop Rotation
37:30 Stone Shaft Mining
37:37 Conscription
37:29 Elite Iron Pagoda
busy pushing deer
13:59 Feudal Age
18:05 Castle Age
15:54 Double-Bit Axe
16:13 Fishing Lines
17:31 Scale Mail Armor
18:08 Gold Mining
18:30 Forging
18:32 Champi Runner
19:12 Squires
19:27 Bow Saw
21:09 Chain Mail Armor
22:55 Gillnets
23:24 Arson
25:25 Iron Casting
24:45 Loom
26:40 Champi Warrior
28:26 Gold Shaft Mining
29:10 Fletching
29:21 Padded Archer Armor
30:20 Bodkin Arrow
30:22 Elite Skirmisher
32:12 Ballistics
32:50 Leather Archer Armor
34:43 Wheelbarrow
33:53 Town Watch
34:20 Pikeman
37:11 Town Patrol
37:29 Hand Cart
网恋被骗50块
5:24 Loom
15:52 Feudal Age
21:44 Castle Age
19:38 Double-Bit Axe
20:49 Horse Collar
21:00 Stone Mining
21:10 Fishing Lines
22:58 Bow Saw
24:31 Wheelbarrow
24:34 Gillnets
24:42 Gold Mining
25:04 Heavy Plow
25:58 Hand Cart
26:44 Stone Shaft Mining
27:45 Gold Shaft Mining
31:00 Imperial Age
30:52 Forging
30:27 Treadmill Crane
30:43 Murder Holes
31:08 Ballistics
32:49 Conscription
31:52 Heavy Camel Rider
33:31 Crop Rotation
34:42 Husbandry
34:51 Scale Barding Armor
35:21 Iron Casting
35:53 Chain Barding Armor
36:53 Two-Man Saw
36:22 Cavalier
KK
10:49 Loom
13:26 Feudal Age
17:17 Castle Age
ZumZum
10:14 Loom
12:50 Feudal Age
13:30 Double-Bit Axe
16:05 Fletching
24:12 Castle Age
22:35 Horse Collar
22:46 Gold Mining
23:09 Padded Archer Armor
24:21 Crossbowman
25:00 Bodkin Arrow
26:08 Bow Saw
26:42 Ballistics
29:11 Gold Shaft Mining
30:12 Heavy Plow
30:07 Stone Mining
34:24 Leather Archer Armor
37:20 Imperial Age
37:03 Coinage
36:51 Town Watch
37:26 Scale Mail Armor
37:36 Forging
37:31 Chieftains
37:37 Squires
37:23 Arson
38:24 Chain Mail Armor
38:53 Bracer
39:54 Chemistry
38:56 Bogsveigar
39:18 Conscription
38:26 Arbalester
40:13 Chain Mail Armor
Lauth3
6:56 Loom
15:45 Feudal Age
19:14 Castle Age
20:24 Fishing Lines
22:02 Forging
22:46 Wheelbarrow
26:13 Double-Bit Axe
32:49 Scale Barding Armor
35:22 Chain Barding Armor
36:05 Horse Collar
37:11 Husbandry
37:21 Bloodlines
Hisoka69
14:15 Feudal Age
12:31 Loom
13:04 Loom
15:03 Double-Bit Axe
17:48 Castle Age
15:34 Horse Collar
19:14 Bow Saw
20:22 Fishing Lines
23:16 Fletching
25:06 Bodkin Arrow
26:05 Ballistics
28:05 Wheelbarrow
28:24 Town Watch
28:50 Gold Mining
28:50 Stone Mining
29:22 Bloodlines
29:16 Husbandry
30:05 Bloodlines
30:03 Padded Archer Armor
34:22 Imperial Age
32:38 Hand Cart
34:48 Leather Archer Armor
34:41 Thumb Ring
35:26 Conscription
34:28 Capped Ram
35:21 Bracer
36:23 Chemistry
36:01 Parthian Tactics
36:03 Drill
37:18 Hoardings
36:54 Siege Ram
38:18 Elite Mangudai
39:29 Siege Engineers
39:34 Masonry
39:52 Masonry
bav_tarantula
11:14 Loom
13:33 Feudal Age
14:32 Double-Bit Axe
18:11 Castle Age
16:42 Horse Collar
19:51 Bow Saw
22:37 Wheelbarrow
22:49 Fletching
23:09 Town Watch
23:46 Fishing Lines
25:50 Stone Mining
25:50 Gold Mining
26:16 Gillnets
27:12 Heavy Plow
32:17 Imperial Age
30:20 Scale Barding Armor
31:27 Hand Cart
31:48 Chain Barding Armor
32:08 Bloodlines
31:59 Husbandry
32:48 Forging
32:37 Elite Leitis
33:38 Conscription
33:55 Plate Barding Armor
34:44 Iron Casting
37:15 Crop Rotation
37:46 Two-Man Saw
Connection lost

Rejoining the realm…

Still unreachable

The connection could not be restored.

Session expired

The server has moved on; the page needs a fresh start.